 Dungeon Crawl Stone Soup version 0.29-a0-1027-gcd8c55af63 (webtiles) character file.

Game seed: 14539756701100344267

569 xian the Magician (level 7, -8/32 HPs)
             Began as a Spriggan Ice Elementalist on Aug 13, 2022.
             Mangled by a gnoll sergeant
             ... wielding a +1 trident of freezing
              (18 damage)
             ... on level 5 of the Dungeon.
             The game lasted 00:13:13 (5046 turns).

xian the Magician (Spriggan Ice Elementalist)       Turns: 5046, Time: 00:13:14

Health: -8/32      AC:  2    Str:  4    XL:     7   Next: 11%
Magic:  12/16      EV: 20    Int: 19    God:
Gold:   210        SH:  0    Dex: 21    Spells: 6/17 levels left

rFire   . . .      SeeInvis +   l - staff of cold
rCold   + . .      Faith    .   (shield currently unavailable)
rNeg    . . .      Spirit   .   a - +0 robe
rPois   .          Reflect  .   (helmet restricted)
rElec   .          Harm     .   (no cloak)
rCorr   .          Rampage  .   (gloves unavailable)
Will    +....                   (boots unavailable)
Stlth   +++.......              (no amulet)
HPRegen 0.10/turn               j - +4 ring of slaying
MPRegen 0.15/turn               n - +6 ring of dexterity

@: very quick
A: very small, no large weapons, unfitting armour, see invisible, speed 3
a: no special abilities


You were on level 5 of the Dungeon.
You visited 1 branch of the dungeon, and saw 5 of its levels.

You collected 260 gold pieces.
You spent 50 gold pieces at shops.

Inventory:

Hand Weapons
 o - a +0 short sword of venom
Armour
 a - a +0 robe (worn)
 y - a +0 cloak
Magical Staves
 l - a staff of cold (weapon)
Jewellery
 j - a +4 ring of slaying (left hand)
 n - a +6 ring of dexterity (right hand)
Wands
 v - a wand of flame (29)
Scrolls
 d - a scroll of poison
 g - 3 scrolls of butterflies
 k - a scroll of immolation
 m - 3 scrolls of summoning
 q - a scroll of silence
 r - 3 scrolls of teleportation
Potions
 b - a potion of magic
 c - a potion of attraction {unknown}
 f - a potion of heal wounds {unknown}
 h - 2 potions of degeneration {unknown}
 i - 4 potions of curing {unknown}
 p - a potion of haste {unknown}
 s - a potion of flight {unknown}
 t - 3 potions of invisibility {unknown}
 x - a potion of lignification {unknown}


   Skills:
 + Level 0.1 Fighting
 + Level 1.1 Staves
 + Level 4.5 Dodging
 + Level 3.4 Stealth
 + Level 0.4 Unarmed Combat
 + Level 5.9 Spellcasting
 + Level 5.2 Ice Magic


You had 6 spell levels left.
You knew the following spells:

 Your Spells              Type           Power      Damage    Failure   Level
a - Freeze                Ice            100%       1d11      1%          1
b - Frozen Ramparts       Ice            76%        1d12      4%          3
c - Ozocubu's Armour      Ice            38%        N/A       4%          3
d - Hailstorm             Conj/Ice       23%        3d7       36%         4

Your spell library contained the following spells:

 Spells                   Type           Power      Damage    Failure   Level
 Corpse Rot               Necr/Pois/Air  5%         N/A       75%         4
 Dispel Undead            Necr           5%         3d7       75%         4
 Death Channel            Necr           2%         N/A       100%        6


Dungeon Overview and Level Annotations

Branches:
Dungeon (5/15)
 Temple: D:4-7

Altars:
Gozag
Ru
Trog

Shops:
D:4 ?


Innate Abilities, Weirdness & Mutations

You are very small and have problems with some larger weapons.
You are too small for most types of armour.
You have supernaturally acute eyesight. (SInv)
You cover ground extremely quickly. (Speed+++)


Message History

The gnoll hits you from afar with a +0 spear.
The wall freezes the gnoll!
You kill the gnoll!
The wall freezes the quokka!
You kill the quokka!
The wall freezes the gnoll.
The gnoll hits you from afar with a +0 spear!
Unknown command.
The wall freezes the gnoll.
The gnoll completely misses you.
The wall freezes the gnoll sergeant but does no damage.
Unknown command.
The wall freezes the gnoll!
You kill the gnoll!
The gnoll sergeant misses you.
Unknown command.
The wall freezes the gnoll.
The gnoll sergeant misses you.
Unknown command.
The wall freezes the gnoll!
The gnoll closely misses you. The gnoll sergeant barely misses you.
Unknown command.
The wall freezes the gnoll.
You kill the gnoll!
The gnoll sergeant hits you from afar with a +1 trident of freezing.
Unknown command.
Your frozen ramparts will break if you move.
Continue?
The frozen ramparts melt away as you move.
The gnoll sergeant hits you from afar with a +1 trident of freezing!
The gnoll sergeant freezes you.
You see here a +0 whip.
You are too injured to fight recklessly!
You are too injured to fight recklessly!
You are too injured to fight recklessly!
You are too injured to fight recklessly!
You are too injured to fight recklessly!
Casting: Freeze (safe; 1% risk of failure)
Confirm with . or Enter, or press ? or * to list all spells.
Okay, then.
The gnoll sergeant hits you with a +1 trident of freezing!!
Ouch! That really hurt!
You die...

#......#....######....
#......#.............#
#......#.............#
#########......).......
#............######....
#..........).# #....
#............# #....
#............# #....
#.....@...#### ####.
#.....)g..## #
#..)...))..#
########†..# #...#
#..... #....(..
#....... .......


You could see a gnoll sergeant.

Vanquished Creatures
  A black bear (D:4)
  An ogre (D:5)
  A scorpion (D:5)
  A hound (D:5)
  An orc priest (D:5)
  An iguana (D:3)
  An orc wizard (D:4)
  4 adders
  6 gnolls
  A shadow imp (D:5)
  A white imp (D:5)
  3 dart slugs
  13 orcs
  9 endoplasms
  5 giant cockroaches
  A goblin (D:3)
  13 hobgoblins
  5 kobolds
  9 quokkas
  10 ball pythons
  8 bats
  4 frilled lizards
  5 rats
104 creatures vanquished.

Vanquished Creatures (collateral kills)
  An endoplasm (D:2)
1 creature vanquished.

Vanquished Creatures (others)
  2 plants (D:4)
2 creatures vanquished.

Grand Total: 107 creatures vanquished

Notes
Turn   | Place    | Note
-------+----------+-------------------------------------------
     0 | D:1      | xian the Spriggan Ice Elementalist began the quest for the
                  | Orb.
     0 | D:1      | Reached XP level 1. HP: 9/9 MP: 5/5
   446 | D:1      | Reached XP level 2. HP: 12/13 MP: 2/6
   919 | D:1      | Found a faded altar of an unknown god.
  1166 | D:2      | Reached XP level 3. HP: 15/16 MP: 5/8
  1175 | D:2      | Learned a level 3 spell: Frozen Ramparts
  1179 | D:2      | Learned a level 3 spell: Ozocubu's Armour
  1286 | D:2      | Found a sacrificial altar of Ru.
  1545 | D:2      | Reached XP level 4. HP: 15/21 MP: 5/10
  2926 | D:3      | Reached XP level 5. HP: 24/24 MP: 6/12
  2965 | D:3      | Found a bloodstained altar of Trog.
  3429 | D:3      | Learned a level 4 spell: Hailstorm
  3770 | D:4      | Reached skill level 1 in Staves
  3823 | D:4      | Found an opulent altar of Gozag.
  3897 | D:4      | Noticed a black bear
  3905 | D:4      | Killed a black bear
  3906 | D:4      | Reached skill level 5 in Spellcasting
  3906 | D:4      | Reached XP level 6. HP: 19/28 MP: 4/14
  4025 | D:4      | Found Tesosupa's Magic Scroll Boutique.
  4060 | D:4      | Bought a scroll of identify for 20 gold pieces
  4060 | D:4      | Bought a scroll of teleportation for 30 gold pieces
  4279 | D:5      | Entered Level 5 of the Dungeon
  4959 | D:5      | Reached skill level 5 in Ice Magic
  4968 | D:5      | Reached XP level 7. HP: 28/32 MP: 10/16
  5046 | D:5      | Mangled by a gnoll sergeant

Illustrated notes

Levels and vault maps discovered:
D:1:      minmay_arrival_solitary_statue, layout_basic,
          hellmonk_ecumenical_altar_blasted, minmay_domino_4
D:2:      layout_loops_ring, basic_altar
D:3:      layout_loops_ring, trog_butcher_becter, minmay_pentangle
D:4:      layout_basic, mainiacjoe_overflow_boulevard, serial_shops, shop,
          grunt_decor_one_mirror
D:5:      layout_basic, beargit_hepliaklqana_dungeon_heroes,
          mainiacjoe_overflow_six_doors_small

Skill      XL: |  1  2  3  4  5  6 |
---------------+-------------------+-----
Spellcasting   | 3 4 5 |  5.9
Ice Magic      | 4 5 |  5.2
Dodging        | 3 4 |  4.5
Staves         | 1 |  1.1
Fighting       | |  0.1
Stealth        | |  3.4
Unarmed Combat | |  0.4

Action                   |  1- 3 |  4- 6 |  7- 9 || total
-------------------------+-------+-------+-------++-------
Melee: Unarmed           |    17 |       |       ||    17
       Staff             |     8 |    22 |       ||    30
       Short sword       |       |     7 |       ||     7
 Cast: Freeze            |    48 |    85 |     3 ||   136
       Frozen Ramparts   |     1 |     8 |     1 ||    10
       Ozocubu's Armour  |       |     6 |       ||     6
  Use: Scroll            |     1 |     5 |       ||     6
 Stab: Sleeping          |     5 |     1 |       ||     6
Armor: Robe              |     6 |    11 |       ||    17
Dodge: Dodged            |    40 |    88 |     9 ||   137

Table legend: (Time is in decaauts)
 A = Elapsed time spent in this place.
 B = Non-inter-level travel time spent in this place.
 C = Inter-level travel time spent in this place.
 D = Time resting spent in this place.
 E = Time spent auto-exploring this place.
 F = Levels seen in this place.
 G = Mean time per level.
                   A        B        C        D        E       F      G
               +--------+--------+--------+--------+--------+-----+--------+
         Total |   3995 |   3934 |     61 |     26 |   3193 |   5 |  799.0 |
       Dungeon |   3995 |   3934 |     61 |     26 |   3193 |   5 |  799.0 |
               +--------+--------+--------+--------+--------+-----+--------+

Top non-repeatable levels by time:
     D:3: 1021 daAuts
     D:1: 949 daAuts
     D:2: 697 daAuts
     D:5: 675 daAuts
     D:4: 652 daAuts
